 Dungeon Crawl Stone Soup version 0.22.1-1-ga44c0e56f4 (webtiles) character file.

2206 Reeggar the Cleaver (level 9, 0/75 HPs)
             Began as a Hill Orc Fighter on Oct 20, 2018.
             Slain by a scorpion (3 damage)
             ... on level 6 of the Dungeon.
             The game lasted 00:38:52 (7256 turns).

Reeggar the Cleaver (Hill Orc Fighter)              Turns: 7256, Time: 00:38:52

Health: 0/75       AC: 14    Str: 30    XL:     9   Next: 34%
Magic:  12/12      EV:  7    Int:  8    God:
Gold:   271        SH: 11    Dex: 10    Spells: 12/12 levels left

rFire    . . .     SeeInvis +   p - +3 spear
rCold    . . .     Gourm    .   c - +0 shield
rNeg     . . .     Faith    .   z - +0 chain mail
rPois    .         Spirit   .   A - +1 hat
rElec    .         Reflect  .   g - +0 cloak
rCorr    .         Harm     .   b - +1 pair of gloves {Str+3}
MR       .....                  (no boots)
Stlth    ..........             (no amulet)
HPRegen  0.22/turn              h - ring of flight
MPRegen  0.13/turn              o - ring of see invisible

@: mighty
A: no striking features
a: Evoke Flight


You were on level 6 of the Dungeon.
You were hungry.

You visited 1 branch of the dungeon, and saw 6 of its levels.

You collected 271 gold pieces.

Inventory:

Hand Weapons
 a - a +0 war axe
 p - a +3 spear (weapon)
 s - a +0 mace of holy wrath
 G - a +2 dire flail of crushing
Missiles
 i - 11 tomahawks (quivered)
Armour
 b - a +1 pair of gloves of strength (worn)
 c - a +0 shield (worn)
 g - a +0 cloak (worn)
 z - a +0 chain mail (worn)
 A - a +1 hat (worn)
Jewellery
 h - a ring of flight (left hand)
 l - a +2 ring of intelligence
 o - a ring of see invisible (right hand)
Wands
 q - a wand of flame (21)
 B - a wand of disintegration (13)
 C - a wand of enslavement (6)
Scrolls
 e - 3 scrolls of teleportation
 j - 2 scrolls of amnesia
 y - 2 scrolls of enchant armour
 D - a scroll of random uselessness {unknown}
 F - a scroll of remove curse {unknown}
Potions
 d - a potion of might
 k - 2 potions of lignification {unknown}
 m - a potion of heal wounds {unknown}
 n - 2 potions of ambrosia {unknown}
 r - a potion of degeneration {unknown}
 t - 2 potions of flight {unknown}
 u - 2 potions of curing
 w - 2 potions of magic {unknown}
 x - a potion of brilliance {unknown}
 E - a potion of mutation {unknown}
Comestibles
 f - 6 rations
 v - 2 chunks of flesh


   Skills:
 + Level 5.7 Fighting
 + Level 9.5(9.6) Axes
 + Level 1.3(5.1) Polearms
 + Level 6.2 Armour
 + Level 0.7 Stealth
 + Level 6.6 Shields
 * Level 4.1 Unarmed Combat
 * Level 2.4 Spellcasting


You had 12 spell levels left.
You didn't know any spells.
Your spell library contained the following spells:

 Spells                   Type           Power        Failure   Level  Hunger
 Beastly Appendage        Tmut           #.....       99%         1    ##.....
 Sticks to Snakes         Tmut           #.......     100%        2    ###....
 Spider Form              Tmut/Pois      #.........   100%        3    ####...
 Ice Form                 Ice/Tmut       #.......     100%        4    #####..
 Blade Hands              Tmut           #.........   100%        5    ######.


Dungeon Overview and Level Annotations

Branches:
Dungeon (6/15)
 Temple: D:4-7

Altars:
Dithmenos
Fedhas
Kikubaaqudgha
Uskayaw
Yredelemnul
Zin


Message History

a flail; a plate armour; a jackal corpse; an orc corpse You puncture the orc priest!
The orc priest is heavily wounded.
The orc priest threatens, "By the altar or by the axe, you will meet Beogh!"
You block the orc priest's attack. The orc hits you but does no damage.
You hit the orc priest.
The orc priest is almost dead.
The orc priest hits you but does no damage.
The orc priest shouts, "Beogh is our master!
Accept the truth or die!"
You puncture the orc priest!
You kill the orc priest!
The orc hits you but does no damage.
The scorpion stings you but does no damage.
The orc hits you but does no damage. You block the jackal's attack.
Things that are here:
a dagger; a chain mail You puncture the jackal!
You kill the jackal!
The scorpion stings you.
You die...

....## ... .....###
#.. .......####
##.# ....##....####
#..#
..#######....###..#
.## ####.....# ##
####.## #####
#)##......
##@s......
#o....... #........
......... .........
..........
..........
#.......<..


You could see a scorpion and an orc.

Vanquished Creatures
  Prince Ribbit (D:5)
  Edmund (D:6)
  A water moccasin (D:5)
  An orc warrior (D:6)
  2 sky beasts
  3 phantoms
  An ogre (D:6)
  A necrophage (D:6)
  Blork the orc (D:5)
  2 scorpions
  A howler monkey (D:6)
  3 hounds
  3 orc priests (D:6)
  2 orc wizards (D:5)
  A bullfrog skeleton (D:6)
  Jessica (D:2)
  2 iguanas
  Natasha (thrice) (D:2)
  8 worker ants
  A hound zombie (D:5)
  4 gnolls (D:5)
  9 adders
  2 oozes
  2 worms
  4 dart slugs
  2 leopard geckos
  7 orcs
  4 giant cockroaches
  10 goblins
  12 hobgoblins
  6 jackals
  4 kobolds
  4 quokkas
  4 bats
  3 frilled lizards
  2 gnoll zombies (D:2)
  A quokka skeleton (D:6)
  12 rats
131 creatures vanquished.

Notes
Turn   | Place    | Note
-------+----------+-------------------------------------------
     0 | D:1      | Reeggar the Hill Orc Fighter began the quest for the Orb.
     0 | D:1      | Reached XP level 1. HP: 19/19 MP: 1/1
   478 | D:1      | Reached XP level 2. HP: 27/27 MP: 2/2
   635 | D:1      | Reached skill level 3 in Axes
  1096 | D:2      | Reached XP level 3. HP: 33/33 MP: 3/3
  1124 | D:2      | Noticed Jessica
  1136 | D:2      | Killed Jessica
  1136 | D:2      | Reached XP level 4. HP: 26/40 MP: 4/4
  1155 | D:2      | Reached skill level 4 in Axes
  1632 | D:2      | Noticed Natasha
  1637 | D:2      | Killed Natasha
  1637 | D:2      | Reached XP level 5. HP: 41/46 MP: 5/5
  1719 | D:2      | Found a basalt altar of Yredelemnul.
  1939 | D:2      | Noticed Natasha
  1947 | D:2      | Killed Natasha
  1972 | D:2      | Noticed Natasha
  1983 | D:2      | Killed Natasha
  1983 | D:2      | Reached skill level 5 in Axes
  2120 | D:3      | Reached XP level 6. HP: 14/53 MP: 6/6
  2350 | D:3      | Found a hide-covered altar of Uskayaw.
  2484 | D:3      | Found a glowing silver altar of Zin.
  2636 | D:3      | Found a blossoming altar of Fedhas.
  3477 | D:4      | Noticed a phantom
  3538 | D:4      | Killed a phantom
  3538 | D:4      | Reached skill level 6 in Axes
  3837 | D:4      | Found an ancient bone altar of Kikubaaqudgha.
  4002 | D:4      | Reached skill level 5 in Shields
  4002 | D:4      | Reached XP level 7. HP: 53/60 MP: 7/7
  4398 | D:5      | Entered Level 5 of the Dungeon
  4511 | D:5      | Found a shadowy altar of Dithmenos.
  4624 | D:5      | Reached skill level 5 in Armour
  4899 | D:5      | Noticed Blork the orc
  4908 | D:5      | Killed Blork the orc
  4908 | D:5      | Reached skill level 7 in Axes
  4908 | D:5      | Reached skill level 1 in Unarmed Combat
  4945 | D:5      | Reached skill level 1 in Spellcasting
  4956 | D:5      | Reached XP level 8. HP: 58/67 MP: 9/9
  5198 | D:5      | Reached skill level 5 in Fighting
  5285 | D:5      | Reached skill level 8 in Axes
  5598 | D:5      | Noticed Prince Ribbit
  6276 | D:5      | Killed Prince Ribbit
  6592 | D:6      | Noticed Edmund
  6610 | D:6      | Reached skill level 9 in Axes
  6610 | D:6      | Reached XP level 9. HP: 32/74 MP: 12/12
  6615 | D:6      | Killed Edmund
  7078 | D:6      | Reached skill level 1 in Polearms
  7250 | D:6      | HP: 2/75 [orc priest/nerve-wracking pain (14)]
  7256 | D:6      | Slain by a scorpion

Skill      XL: |  1  2  3  4  5  6  7  8  9 |
---------------+----------------------------+-----
Axes           | 3 4 5 6 7 9 |  9.5
Fighting       | 4 5 |  5.7
Armour         | 4 5 6 |  6.2
Shields        | 4 5 6 |  6.6
Unarmed Combat | 1 3 4 |  4.1
Spellcasting   | 1 2 |  2.4
Polearms       | 1 |  1.3
Stealth        | |  0.7

Action                   |  1- 3 |  4- 6 |  7- 9 || total
-------------------------+-------+-------+-------++-------
Melee: War axe           |    77 |   225 |   247 ||   549
       Spear             |       |       |    74 ||    74
  Use: Potion            |       |     2 |     2 ||     4
       Scroll            |       |     7 |     5 ||    12
  Eat: Chunk             |       |     6 |     1 ||     7
       Ration            |       |     2 |     2 ||     4
Armor: Scale mail        |    34 |   129 |       ||   163
       Chain mail        |       |     9 |   165 ||   174
Dodge: Dodged            |    25 |    89 |    67 ||   181
Block: Shield            |    36 |   150 |   181 ||   367
